EL
CHATTANOOGA LOOKOUTS @ JACKSON GENERALS
09/08/2049
 
TOP OF THE 1ST
Chattanooga Lookouts batting - Pitching for Jackson Generals : RHP Luis Castro
Pitching: RHP Luis Castro
Batting: SHB Matt Urbani 0-0: Called Strike
0-1: Ball
1-1: Ball
2-1: Swinging Strike
2-2: Strikes out looking
Batting: LHB Marshall Daul 0-0: Ball
1-0: Ground out 6-3 (Groundball, 6, EV 89.4 MPH)
Batting: LHB Shaun Price 0-0: Called Strike
0-1: Fly out, F8 (Flyball, 78D, EV 95.0 MPH)
Top of the 1st over - 0 runs, 0 hits, 0 errors, 0 left on base; Chattanooga 0 - Jackson 0
BOTTOM OF THE 1ST
Jackson Generals batting - Pitching for Chattanooga Lookouts : RHP Tom Winsor
Pitching: RHP Tom Winsor
Batting: LHB Addisu Nyamekye 0-0: Foul Ball, location: 2F
0-1: Ball
1-1: Ball
2-1: Ball
3-1: Base on Balls
Batting: RHB Paul Shell Pickoff Throw to First - Out! 1-3
0-0: Called Strike
0-1: Ball
1-1: Ball
2-1: Foul Ball, location: 2F
2-2: Strikes out swinging
Batting: RHB Kinzo Yokoyama 0-0: Ball
1-0: SOLO HOME RUN (Flyball, 89XD, EV 114.4 MPH), Distance : 445 ft
Batting: LHB Chris Jackson 0-0: Swinging Strike
0-1: Ball
1-1: Foul Ball, location: 2F
1-2: Strikes out swinging
Bottom of the 1st over - 1 run, 1 hit, 0 errors, 0 left on base; Chattanooga 0 - Jackson 1
TOP OF THE 2ND
Chattanooga Lookouts batting - Pitching for Jackson Generals : RHP Luis Castro
Batting: LHB Kuemon Shishido 0-0: Foul Ball, location: 2F
0-1: Foul Ball, location: 2F
0-2: Ball
1-2: Foul Ball, location: 2F
1-2: Foul Ball, location: 2F
1-2: Ball
2-2: Ball
3-2: Foul Ball, location: 2F
3-2: Ground out 5-3 (Groundball, 56S, EV 82.5 MPH)
Batting: RHB Manuel Juarez 0-0: Foul Ball, location: 2F
0-1: Called Strike
0-2: Strikes out swinging
Batting: RHB Michael McDonald 0-0: Ball
1-0: Swinging Strike
1-1: Swinging Strike
1-2: Strikes out swinging
Top of the 2nd over - 0 runs, 0 hits, 0 errors, 0 left on base; Chattanooga 0 - Jackson 1
BOTTOM OF THE 2ND
Jackson Generals batting - Pitching for Chattanooga Lookouts : RHP Tom Winsor
Batting: LHB Jason Kinney 0-0: Called Strike
0-1: Called Strike
0-2: Ball
1-2: Ball
2-2: Foul Ball, location: 2F
2-2: Ball
3-2: Foul Ball, location: 2F
3-2: Base on Balls
Batting: RHB Jose Zuniga 0-0: Swinging Strike
0-1: Ball
1-1: Called Strike
1-2: Ball
2-2: Foul Ball, location: 2F
2-2: Reaches on Catchers interference
Jason Kinney to second
Batting: RHB Chris Olheiser 0-0: Ball
1-0: DOUBLE (Line Drive, 8RXD, EV 111.2 MPH)
Jason Kinney scores
Jose Zuniga to third
Batting: LHB Brent Dutcher 0-0: Called Strike
0-1: Swinging Strike
0-2: Ball
1-2: Ball
2-2: Ball
3-2: Fly out, F8 (Flyball, 8RM, EV 91.9 MPH)
Batting: LHB Matt Hepburn 0-0: Swinging Strike
0-1: Ball
1-1: Foul Ball, location: 2F
1-2: Strikes out looking
Batting: LHB Addisu Nyamekye 0-0: Foul Ball, location: 2F
0-1: Ball
1-1: Foul Ball, location: 2F
1-2: Strikes out swinging
Bottom of the 2nd over - 1 run, 1 hit, 1 error, 2 left on base; Chattanooga 0 - Jackson 2
TOP OF THE 3RD
Chattanooga Lookouts batting - Pitching for Jackson Generals : RHP Luis Castro
Batting: LHB David Campbell 0-0: Foul Ball, location: 2F
0-1: Called Strike
0-2: Foul Ball, location: 2F
0-2: Strikes out swinging
Batting: LHB Brian Wagner 0-0: Ball
1-0: Called Strike
1-1: Called Strike
1-2: Strikes out looking
Batting: RHB David Nardone 0-0: Ball
1-0: SINGLE (Line Drive, 9S, EV 93.8 MPH)
Batting: SHB Matt Urbani 0-0: Called Strike
David Nardone steals 2nd base (no throw)
0-1: SINGLE (Groundball, P, EV 83.8 MPH) (infield hit)
David Nardone to third
Batting: LHB Marshall Daul 0-0: Ball
1-0: Foul Ball, location: 2F
1-1: DOUBLE (Flyball, 8RXD, EV 115.6 MPH)
David Nardone scores
Matt Urbani to third
Batting: LHB Shaun Price 0-0: Ball
1-0: Ball
2-0: Called Strike
2-1: Fly out, F8 (Flyball, 78D, EV 87.5 MPH)
Top of the 3rd over - 1 run, 3 hits, 0 errors, 2 left on base; Chattanooga 1 - Jackson 2
BOTTOM OF THE 3RD
Jackson Generals batting - Pitching for Chattanooga Lookouts : RHP Tom Winsor
Batting: RHB Paul Shell 0-0: Ball
1-0: Swinging Strike
1-1: Ground out 1-3 (Groundball, P, EV 70.0 MPH)
Batting: RHB Kinzo Yokoyama 0-0: Swinging Strike
0-1: Foul Ball, location: 2F
0-2: Ground out 3-1 (Groundball, 13, EV 88.1 MPH)
Batting: LHB Chris Jackson 0-0: Called Strike
0-1: Ball
1-1: Foul Ball, location: 2F
1-2: Foul Ball, location: 2F
1-2: Strikes out swinging
Bottom of the 3rd over - 0 runs, 0 hits, 0 errors, 0 left on base; Chattanooga 1 - Jackson 2
TOP OF THE 4TH
Chattanooga Lookouts batting - Pitching for Jackson Generals : RHP Luis Castro
Batting: LHB Kuemon Shishido 0-0: Called Strike
0-1: Swinging Strike
0-2: Ball
1-2: Foul Ball, location: 2F
1-2: Foul Ball, location: 2F
1-2: Ball
2-2: Strikes out swinging
Batting: RHB Manuel Juarez 0-0: Foul Ball, location: 2F
0-1: Swinging Strike
0-2: Ball
1-2: Foul Ball, location: 2F
1-2: Strikes out swinging
Batting: RHB Michael McDonald 0-0: Ball
1-0: Ball
2-0: Called Strike
2-1: Ball
3-1: Called Strike
3-2: Foul Ball, location: 2F
3-2: Fly out, F7 (Flyball, 78S, EV 90.0 MPH)
Top of the 4th over - 0 runs, 0 hits, 0 errors, 0 left on base; Chattanooga 1 - Jackson 2
BOTTOM OF THE 4TH
Jackson Generals batting - Pitching for Chattanooga Lookouts : RHP Tom Winsor
Batting: LHB Jason Kinney 0-0: Foul Ball, location: 2F
0-1: Hit by Pitch
Batting: RHB Jose Zuniga 0-0: Called Strike
0-1: SINGLE (Groundball, 56D, EV 95.0 MPH)
Jason Kinney to second
Batting: RHB Chris Olheiser 0-0: Ball
1-0: Ball
Wild Pitch!
Jason Kinney to third
Jose Zuniga to second
2-0: Reached on error, E6 (Groundball, 56, EV 80.6 MPH)
Jason Kinney scores
Jose Zuniga scores
Batting: LHB Brent Dutcher 0-0: Ball
1-0: Reached on error, E5 (Groundball, 56, EV 84.4 MPH)
Chris Olheiser scores
Batting: LHB Matt Hepburn 0-0: Called Strike
0-1: Ball
1-1: Foul Ball, location: 2F
1-2: Strikes out looking
Batting: LHB Addisu Nyamekye 0-0: Foul Ball, location: 2F
0-1: Ball
1-1: Foul Ball, location: 2F
1-2: Ball
2-2: Ball
3-2: SINGLE (Groundball, 4D, EV 98.8 MPH)
Brent Dutcher to third
Runner from 3rd tries for Home, throw by RF and OUT! 9-2
Addisu Nyamekye to second
Batting: RHB Paul Shell 0-0: SINGLE (Groundball, 56D, EV 104.4 MPH)
Addisu Nyamekye to third
Runner from 3rd tries for Home, SAFE, throw by LF to home
Pitching: RHP Willie Romero
Batting: RHB Kinzo Yokoyama 0-0: Called Strike
Paul Shell steals 2nd base (no throw)
0-1: Foul Ball, location: 2F
0-2: Ball
1-2: Foul Ball, location: 2F
1-2: Foul Ball, location: 2F
1-2: Foul Ball, location: 2F
1-2: Fly out, F9 (Flyball, 9D, EV 104.4 MPH)
Bottom of the 4th over - 4 runs, 3 hits, 2 errors, 1 left on base; Chattanooga 1 - Jackson 6
TOP OF THE 5TH
Chattanooga Lookouts batting - Pitching for Jackson Generals : RHP Luis Castro
Batting: LHB David Campbell 0-0: Called Strike
0-1: Ball
1-1: Ball
2-1: Ground out U3 (Groundball, 34, EV 87.5 MPH)
Batting: LHB Brian Wagner 0-0: Foul Ball, location: 2F
0-1: Swinging Strike
0-2: Strikes out swinging
Batting: RHB David Nardone 0-0: Ball
1-0: Foul Ball, location: 2F
1-1: Foul Ball, location: 2F
1-2: Reached on error, E7 (Flyball, BS2, EV 84.4 MPH)
Batting: SHB Matt Urbani 0-0: Foul Ball, location: 2F
0-1: Called Strike
0-2: Ball
1-2: Strikes out swinging
Top of the 5th over - 0 runs, 0 hits, 1 error, 1 left on base; Chattanooga 1 - Jackson 6
BOTTOM OF THE 5TH
Jackson Generals batting - Pitching for Chattanooga Lookouts : RHP Willie Romero
Batting: LHB Chris Jackson 0-0: Ball
1-0: Called Strike
1-1: Ball
2-1: SINGLE (Groundball, 34D, EV 98.1 MPH)
Batting: LHB Jason Kinney 0-0: SINGLE (Groundball, 34D, EV 95.0 MPH)
Chris Jackson to second
Runner from 2nd tries for 3rd, SAFE, throw by RF made to third
Batting: RHB Jose Zuniga 0-0: Ball
1-0: Foul Ball, location: 2F
1-1: Ball
2-1: Foul Ball, location: 2F
2-2: Foul Ball, location: 2F
2-2: Foul Ball, location: 2F
2-2: Ball
3-2: Foul Ball, location: 2F
3-2: Fielders Choice at 2nd, 6-4 (Groundball, 56, EV 77.5 MPH)
Chris Jackson scores
Batting: RHB Chris Olheiser 0-0: Ball
1-0: Swinging Strike
1-1: Ball
2-1: Ball
3-1: Called Strike
3-2: Base on Balls
Jose Zuniga to second
Batting: LHB Brent Dutcher 0-0: Ball
1-0: Grounds into double play, 6-4-3 (Groundball, 6, EV 98.1 MPH)
Bottom of the 5th over - 1 run, 2 hits, 0 errors, 1 left on base; Chattanooga 1 - Jackson 7
TOP OF THE 6TH
Chattanooga Lookouts batting - Pitching for Jackson Generals : RHP Luis Castro
Batting: LHB Marshall Daul 0-0: Ball
1-0: Called Strike
1-1: Ball
2-1: Ball
3-1: Foul Ball, location: 2F
3-2: Foul Ball, location: 2F
3-2: Foul Ball, location: 2F
3-2: Foul Ball, location: 2F
3-2: DOUBLE (Line Drive, 89M, EV 100.6 MPH)
Batting: LHB Shaun Price 0-0: Ball
1-0: Called Strike
1-1: Foul Ball, location: 2F
1-2: SINGLE (Groundball, 6MD, EV 102.5 MPH)
Marshall Daul to third
Runner from 3rd tries for Home, SAFE, throw by CF to home
Batting: LHB Kuemon Shishido 0-0: Swinging Strike
0-1: Fly out, F8 (Flyball, 78M, EV 88.8 MPH)
Batting: RHB Manuel Juarez 0-0: Called Strike
0-1: Swinging Strike
0-2: Strikes out swinging
Batting: RHB Michael McDonald 0-0: Called Strike
0-1: SINGLE (Groundball, 6MS, EV 63.1 MPH) (infield hit)
Shaun Price to second
Pitching: RHP Francisco Castillo
Batting: LHB David Campbell 0-0: DOUBLE (Groundball, 5L, EV 98.8 MPH)
Shaun Price scores
Michael McDonald to third
Batting: LHB Brian Wagner 0-0: Called Strike
0-1: Called Strike
0-2: Ball
1-2: Strikes out swinging
Top of the 6th over - 2 runs, 4 hits, 0 errors, 2 left on base; Chattanooga 3 - Jackson 7
BOTTOM OF THE 6TH
Jackson Generals batting - Pitching for Chattanooga Lookouts : RHP Willie Romero
Batting: LHB Matt Hepburn 0-0: SINGLE (Groundball, 6MD, EV 95.6 MPH)
Batting: LHB Addisu Nyamekye 0-0: Ball
Wild Pitch!
Matt Hepburn to second
1-0: Intentional Walk
Batting: RHB Paul Shell 0-0: Ball
1-0: Swinging Strike
1-1: Grounds into double play, 6-4-3 (Groundball, 56, EV 83.1 MPH)
Matt Hepburn to third
Batting: RHB Kinzo Yokoyama 0-0: Ball
1-0: Foul Ball, location: 2F
1-1: Fly out, F7 (Flyball, 7, EV 86.9 MPH)
Bottom of the 6th over - 0 runs, 1 hit, 0 errors, 1 left on base; Chattanooga 3 - Jackson 7
TOP OF THE 7TH
Chattanooga Lookouts batting - Pitching for Jackson Generals : RHP Francisco Castillo
Batting: RHB David Nardone 0-0: Ball
1-0: Called Strike
1-1: Called Strike
1-2: Strikes out looking
Batting: SHB Matt Urbani 0-0: Swinging Strike
0-1: Ball
1-1: Ball
2-1: Foul Ball, location: 2F
2-2: Ball
3-2: Strikes out swinging
Batting: LHB Marshall Daul 0-0: Ball
1-0: Called Strike
1-1: Ball
2-1: Foul Ball, location: 2F
2-2: Strikes out swinging
Top of the 7th over - 0 runs, 0 hits, 0 errors, 0 left on base; Chattanooga 3 - Jackson 7
BOTTOM OF THE 7TH
Jackson Generals batting - Pitching for Chattanooga Lookouts : RHP Willie Romero
Pitching: RHP Orlando Guapo
Batting: LHB Chris Jackson 0-0: Ball
1-0: Ball
2-0: Ball
3-0: Called Strike
3-1: Fly out, F9 (Flyball, 89S, EV 84.4 MPH)
Batting: LHB Jason Kinney 0-0: Ball
1-0: Foul Ball, location: 2F
1-1: Swinging Strike
1-2: Ball
2-2: Ball
3-2: Fly out, F8 (Flyball, 8RD, EV 103.1 MPH)
Batting: RHB Jose Zuniga 0-0: Foul Ball, location: 2F
0-1: Called Strike
0-2: Ball
1-2: Ball
2-2: Foul Ball, location: 2F
2-2: Strikes out looking
Bottom of the 7th over - 0 runs, 0 hits, 0 errors, 0 left on base; Chattanooga 3 - Jackson 7
TOP OF THE 8TH
Chattanooga Lookouts batting - Pitching for Jackson Generals : RHP Francisco Castillo
Batting: LHB Shaun Price 0-0: Foul Ball, location: 2F
0-1: Ball
1-1: Ball
2-1: Swinging Strike
2-2: Foul Ball, location: 2F
2-2: SINGLE (Groundball, 56D, EV 101.2 MPH)
Batting: LHB Kuemon Shishido 0-0: Ball
1-0: Foul Ball, location: 2F
1-1: Foul Ball, location: 2F
1-2: Ball
2-2: Strikes out swinging
Batting: RHB Manuel Juarez 0-0: Called Strike
0-1: Foul Ball, location: 2F
0-2: Foul Ball, location: 2F
0-2: Ball
1-2: Foul Ball, location: 2F
1-2: Ball
2-2: Strikes out swinging
Batting: RHB Michael McDonald 0-0: Swinging Strike
0-1: Called Strike
0-2: Strikes out looking
Top of the 8th over - 0 runs, 1 hit, 0 errors, 1 left on base; Chattanooga 3 - Jackson 7
BOTTOM OF THE 8TH
Jackson Generals batting - Pitching for Chattanooga Lookouts : RHP Orlando Guapo
Pitching: RHP Jose Marrero
Batting: RHB Chris Olheiser 0-0: Called Strike
0-1: Ball
1-1: Foul Ball, location: 2F
1-2: Ball
2-2: Strikes out swinging
Batting: LHB Brent Dutcher 0-0: Fly out, F9 (Flyball, 9LM, EV 95.6 MPH)
Batting: LHB Matt Hepburn 0-0: Called Strike
0-1: Called Strike
0-2: Strikes out swinging
Bottom of the 8th over - 0 runs, 0 hits, 0 errors, 0 left on base; Chattanooga 3 - Jackson 7
TOP OF THE 9TH
Chattanooga Lookouts batting - Pitching for Jackson Generals : RHP Francisco Castillo
Pitching: RHP Marty Maginnis
Batting: LHB David Campbell 0-0: Called Strike
0-1: Ball
1-1: Fly out, F8 (Flyball, 8RXD, EV 105.0 MPH)
Batting: LHB Brian Wagner 0-0: Ball
1-0: Ball
2-0: SINGLE (Line Drive, 7S, EV 93.8 MPH)
Batting: RHB David Nardone 0-0: Foul Ball, location: 2F
0-1: Ball
1-1: SINGLE (Groundball, 4MS, EV 69.4 MPH) (infield hit)
Brian Wagner to second
Pitching: RHP Dave Williams
Batting: SHB Matt Urbani 0-0: Called Strike
0-1: Called Strike
0-2: Foul Ball, location: 2F
0-2: Ball
1-2: Ball
2-2: Strikes out swinging
Batting: LHB Marshall Daul 0-0: Swinging Strike
0-1: Ball
1-1: Ball
2-1: Fielders Choice at 2nd, 6-4 (Groundball, 6, EV 82.5 MPH)
Top of the 9th over - 0 runs, 2 hits, 0 errors, 2 left on base; Chattanooga 3 - Jackson 7
Sunday, July 16th , 2023 - OOTP Baseball 24.6 Build 69